AoeStats
← Banana Cop

Arena

510483832Analyzed
4v4 RM · 18h ago on Oct 1, 2026· 46m 2s· 8 players
Game mode
Random Map
Map size
Large (8 player)
Population
200
Speed
Normal
Resources
Standard
Victory
Conquest
Starting age
Dark Age
Ending age
Imperial Age
RankedLock teamsTeams togetherTeam positionsShared explorationLock speedFull tech treeHidden civsTurbo modeCheats
Victory
Defeat
🇨🇳 Huns · China
925
+13
🇲🇾 Franks · Malaysia
909
+14
🇺🇸 Huns · United States
904
+14
🇨🇳 Saracens · China
864
+15
🇨🇳 Mongols · China
956
-19
🇨🇳 Poles · China
841
-13
🇯🇵 Saxons · Japan
816
-12
🇦🇺 Turks · Australia
811
-12
Blues_1111
11:12 Feudal Age
12:03 Double-Bit Axe
13:26 Stone Mining
19:12 Castle Age
25:09 Gold Mining
Tulak Hord3920
0:27 Loom
11:41 Feudal Age
16:27 Forging
20:35 Castle Age
24:49 Horse Collar
28:38 Heavy Plow
28:45 Double-Bit Axe
31:44 Wheelbarrow
30:56 Town Watch
38:23 Masonry
39:04 Bow Saw
40:59 Light Cavalry
41:50 Bloodlines
41:41 Husbandry
47:04 Imperial Age
卢本伟
11:10 Feudal Age
15:02 Castle Age
13:11 Horse Collar
14:59 Double-Bit Axe
15:47 Heavy Plow
21:18 Wheelbarrow
23:43 Hand Cart
27:34 Imperial Age
25:32 Gold Mining
27:33 Gold Shaft Mining
28:15 Bow Saw
28:16 Stone Mining
28:40 Forging
28:36 Scale Barding Armor
30:14 Two-Man Saw
29:31 Marauders
29:51 Conscription
28:52 Elite Tarkan
30:50 Chain Barding Armor
31:05 Iron Casting
31:06 Bloodlines
30:56 Husbandry
32:25 Plate Barding Armor
33:09 Blast Furnace
VespidVeil98689
11:09 Feudal Age
16:07 Castle Age
14:52 Double-Bit Axe
14:49 Horse Collar
17:52 Bow Saw
17:46 Heavy Plow
23:37 Wheelbarrow
25:37 Loom
25:59 Gold Mining
26:43 Stone Mining
31:26 Imperial Age
29:11 Hand Cart
28:42 Town Watch
29:50 Gold Shaft Mining
30:13 Scale Barding Armor
30:18 Forging
30:14 Scale Barding Armor
30:12 Scale Mail Armor
31:52 Chain Barding Armor
32:44 Conscription
33:30 Chemistry
32:42 Masonry
32:27 Murder Holes
32:47 Bloodlines
32:37 Husbandry
32:47 Bloodlines
32:37 Husbandry
33:14 Plate Barding Armor
32:54 Chain Mail Armor
33:14 Plate Barding Armor
33:14 Iron Casting
33:15 Plate Barding Armor
32:55 Chain Mail Armor
32:03 Pikeman
32:43 Squires
34:09 Two-Man Saw
32:55 Heavy Camel Rider
34:59 Counterweights
36:31 Blast Furnace
36:01 Plate Mail Armor
36:32 Blast Furnace
37:59 Town Patrol
39:07 Hoardings
Banana Cop
12:33 Feudal Age
17:37 Castle Age
16:25 Wheelbarrow
15:37 Horse Collar
16:08 Double-Bit Axe
17:44 Gold Mining
17:55 Stone Mining
18:51 Bow Saw
18:44 Heavy Plow
22:39 Gold Shaft Mining
26:51 Imperial Age
26:13 Ballistics
25:53 Murder Holes
27:48 Hand Cart
28:54 Two-Man Saw
30:47 Conscription
31:56 Elite Janissary
33:39 Artillery
36:37 Padded Archer Armor
39:36 Forging
39:27 Scale Mail Armor
40:18 Squires
40:03 Arson
41:53 Iron Casting
44:14 Blast Furnace
RuinMireia
11:14 Feudal Age
15:15 Castle Age
13:18 Double-Bit Axe
14:29 Horse Collar
15:29 Loom
17:44 Scale Mail Armor
24:47 Gambesons
25:16 Forging
28:15 Bow Saw
32:14 Wheelbarrow
33:00 Chain Mail Armor
36:38 Imperial Age
35:00 Hand Cart
Fischer fischt Fisch
10:02 Feudal Age
14:53 Castle Age
13:43 Stone Mining
18:18 Double-Bit Axe
19:54 Horse Collar
21:01 Fletching
25:47 Wheelbarrow
26:09 Bow Saw
27:38 Gold Mining
28:15 Padded Archer Armor
31:14 Imperial Age
31:04 Hand Cart
32:06 Ballistics
32:18 Conscription
32:09 Bodkin Arrow
32:58 Leather Archer Armor
33:47 Chemistry
33:15 Conscription
34:36 Parthian Tactics
34:27 Thumb Ring
35:03 Elite Mangudai
36:24 Bracer
37:14 Murder Holes
ksffvbh
0:28 Loom
15:54 Feudal Age
18:11 Wheelbarrow
17:25 Double-Bit Axe
17:22 Horse Collar
18:13 Stone Mining
18:16 Gold Mining
21:04 Castle Age
19:36 Scale Barding Armor
19:42 Forging
20:05 Bloodlines
24:54 Hand Cart
24:58 Bow Saw
25:27 Stone Shaft Mining
24:54 Heavy Plow
28:17 Iron Casting
29:19 Treadmill Crane
33:20 Imperial Age
31:13 Chain Barding Armor
33:21 Light Cavalry
34:02 Husbandry
35:04 Town Watch
34:44 Winged Hussar
35:47 Conscription
35:47 Lechitic Legacy
36:30 Blast Furnace
37:16 Crop Rotation
Connection lost

Rejoining the realm…

Still unreachable

The connection could not be restored.

Session expired

The server has moved on; the page needs a fresh start.